 Dungeon Crawl Stone Soup version 0.31-a0-167-g1c394c0614 (webtiles) character file.

Game seed: 3206905072500252371

288 Anon1729 the Trooper (level 6, -3/55 HPs)
             Began as a Minotaur Monk on June 14, 2023.
             Killed from afar by a white imp (10 damage)
             ... with a puff of frost
             ... on level 5 of the Dungeon.
             The game lasted 00:01:55 (2906 turns).

Anon1729 the Trooper (Minotaur Monk)                Turns: 2906, Time: 00:01:55

Health: -3/55      AC:  2    Str: 15    XL:     6   Next: 9%
Magic:  6/6        EV: 19    Int:  7    God:
Gold:   134        SH:  0    Dex: 15    Spells: 5/5 levels left

rFire   . . .        a - +0 short sword
rCold   . . .        d - orb {light}
rNeg    + . .        b - +0 robe
rPois   .            (helmet restricted)
rElec   .            (no cloak)
rCorr   .            (no gloves)
SInv    .            (no boots)
Will    .....        (no amulet)
Stlth   +            e - +5 ring of evasion
HPRegen 0.29/turn    h - ring of positive energy
MPRegen 0.10/turn

%: no passive effects
@: glowing
A: horns 2, retaliatory headbutt
a: no special abilities


You were on level 5 of the Dungeon.
You visited 1 branch of the dungeon, and saw 5 of its levels.

You collected 134 gold pieces.

Inventory:

Hand Weapons
 a - a +0 short sword (weapon)
 m - a +2 whip of holy wrath
Armour
 b - a +0 robe (worn)
 d - an orb of light (worn)
Jewellery
 e - a +5 ring of evasion (left hand)
 g - a ring of see invisible
 h - a ring of positive energy (right hand)
 q - a ring of flight
Wands
 u - a wand of flame (27)
Scrolls
 i - 2 scrolls of amnesia {unknown}
 j - 2 scrolls of vulnerability {unknown}
 l - 3 scrolls of fear {unknown}
 o - a scroll of poison {unknown}
 r - 2 scrolls of noise {unknown}
 t - a scroll of teleportation {unknown}
Potions
 c - a potion of ambrosia
 f - 3 potions of enlightenment {unknown}
 k - a potion of resistance {unknown}
 n - a potion of berserk rage {unknown}
 p - a potion of curing {unknown}
 s - a potion of degeneration {unknown}
 v - a potion of haste {unknown}


   Skills:
 + Level 4.9 Fighting
 + Level 4.4 Short Blades
 + Level 3.0 Armour
 + Level 4.4 Dodging
 + Level 2.4 Invocations


You had 5 spell levels left.
You didn't know any spells.
Your spell library contained the following spells:

 Spells                   Type           Power      Damage    Failure   Level
 Magic Dart               Conj           0%         1d3       43%         1
 Necrotise                Necr           0%         1d4       43%         1
 Shock                    Conj/Air       0%         1d3       43%         1
 Call Imp                 Summ           0%         N/A       56%         2
 Mephitic Cloud           Conj/Pois/Air  0%         N/A       80%         3
 Stone Arrow              Conj/Erth      0%         3d7       80%         3
 Swiftness                Air            0%         N/A       80%         3
 Vampiric Draining        Necr           0%         2d6       80%         3
 Airstrike                Air            0%         2d(0-16)  99%         4
 Animate Armour           Summ/Erth      0%         N/A       99%         4
 Agony                    Necr           0%         N/A       100%        5
 Iskenderun's Battlesphe  Conj           0%         2d6       100%        5
 Leda's Unmaking          Conj/Erth      0%         9d1       100%        6
 Spellforged Servitor     Conj/Summ      0%         N/A       100%        7
 Lehudib's Crystal Spear  Conj/Erth      0%         10d2      100%        8


Dungeon Overview and Level Annotations

Branches:
Dungeon (4/15)
 Temple: D:4-7

Altars:
Yredelemnul

Shops:
D:2 =

Annotations:
D:5 Edmund


Innate Abilities, Weirdness & Mutations

You have a pair of horns on your head.
You reflexively headbutt those who attack you in melee.


Message History

You are too injured to fight recklessly!
You are too injured to fight recklessly!
You are too injured to fight recklessly!
You are too injured to fight recklessly!
You hit Edmund but do no damage.
Edmund is severely wounded.
The white imp closely misses you. Edmund completely misses you.
You furiously retaliate!
You headbutt Edmund. You hit Edmund but do no damage.
You headbutt Edmund, but do no damage.
Edmund is severely wounded.
The white imp completely misses you. Edmund misses you.
You hit Edmund.
Edmund is severely wounded.
The white imp barely misses you. You furiously retaliate!
You headbutt the white imp, but do no damage.
A kobold brigand comes into view.
It is wielding a +0 short sword and quivering poisoned darts.
Edmund misses you.
The kobold brigand shouts!
You hit Edmund but do no damage. Your headbutt misses Edmund.
Edmund is severely wounded.
You hear a shout!
You hit Edmund.
Edmund is almost dead.
The white imp barely misses you.
Edmund hits you with a +2 flail of protection.
You hit Edmund but do no damage. You headbutt Edmund.
Edmund is almost dead.
The white imp closely misses you. Edmund misses you.
You hit Edmund but do no damage. You headbutt Edmund, but do no damage.
Edmund is almost dead.
The white imp completely misses you. You furiously retaliate!
You headbutt the white imp, but do no damage.
Edmund says, "People accused me of being a cutpurse!"
Edmund hits you with a +2 flail of protection!
* * * LOW HITPOINT WARNING * * *
You hit Edmund but do no damage. You headbutt Edmund.
Edmund is almost dead.
The white imp gestures at you. The puff of frost hits you!
You die...

..#######.......#
..# #.......# ..#
#'####..# . ..#
...##...##..## ..
..#..............#
...
..#######........#
.... ..# #..<##..##
.K... ..#
#...##..##......
.........@@......
...........5......
...................
######.##.###..##..
#. #.# ..# . . ..#
.... . ... ....
.... ....


You could see Edmund, a kobold brigand and a white imp.

Vanquished Creatures
  A centaur (D:5)
  A scorpion (D:4)
  An orc priest (D:4)
  Ijyb (D:4)
  3 adders
  2 worms
  2 orcs (D:4)
  6 ball pythons
  6 endoplasms
  4 goblins
  11 hobgoblins
  3 quokkas
  7 bats
  3 frilled lizards
  10 kobolds
  4 rats
65 creatures vanquished.

Notes
Turn   | Place    | Note
-------+----------+-------------------------------------------
     0 | D:1      | Anon1729 the Minotaur Monk began the quest for the Orb.
     0 | D:1      | Reached XP level 1. HP: 19/19 MP: 0/0
    49 | D:1      | Found a faded altar of an unknown god.
   255 | D:1      | Reached XP level 2. HP: 27/27 MP: 1/1
   349 | D:1      | Reached skill level 1 in Armour
   573 | D:1      | Reached skill level 1 in Invocations
   573 | D:1      | Reached XP level 3. HP: 31/33 MP: 2/2
  1199 | D:2      | Found Vaifou's Jewellery Boutique.
  1668 | D:3      | Found a basalt altar of Yredelemnul.
  1920 | D:3      | Reached XP level 4. HP: 40/40 MP: 4/4
  2434 | D:4      | Noticed a scorpion
  2445 | D:4      | Killed a scorpion
  2446 | D:4      | Reached XP level 5. HP: 38/47 MP: 5/5
  2688 | D:4      | Noticed Ijyb
  2696 | D:4      | Killed Ijyb
  2819 | D:4      | You fall into a shaft and drop 1 floor!
  2819 | D:5      | Entered Level 5 of the Dungeon
  2833 | D:5      | Noticed a centaur
  2837 | D:5      | Killed a centaur
  2838 | D:5      | Reached XP level 6. HP: 54/55 MP: 6/6
  2881 | D:5      | Noticed Edmund
  2906 | D:5      | Killed from afar by a white imp

Illustrated notes

Levels and vault maps discovered:
D:1:      onia_arrival_mini_spirals, layout_loops_ring,
          hellmonk_ecumenical_altar_zigzags, st_stairs_13, amethyst_killhole,
          hangedman_abyss_or_decor_lesser_grid, minmay_tetromino_t2
D:2:      layout_loops_ring, serial_shops, nicolae_shop_behind_doors,
          minmay_goblin_outpost
D:3:      layout_basic, yredelemnul_altar_generic, serial_forest,
          infiniplex_forest_lined_3_way, infiniplex_forest_clump_cross,
          infiniplex_forest_lined_4_way, infiniplex_forest_lined_room_,
          infiniplex_forest_clump_cross, infiniplex_forest_clump_curved,
          infiniplex_forest_clump_curved, infiniplex_forest_clump_double,
          minmay_splitting_lines
D:4:      layout_layer_cave, lemuel_round_altar, hex_tiny, uniq_ijyb,
          uniq_sigmund
D:5:      layout_gridville, lemuel_doored_altar, minmay_lizard_king,
          uniq_edmund, uniq_duvessa

Skill      XL: |  1  2  3  4  5  6 |
---------------+-------------------+-----
Armour         | 1 2 3 |  3.0
Fighting       | 4 |  4.9
Invocations    | 1 2 |  2.4
Short Blades   | 4 |  4.4
Dodging        | 4 |  4.4

Action                     |  1- 3 |  4- 6 || total
---------------------------+-------+-------++-------
  Melee: Short sword       |   125 |    70 ||   195
         Headbutt          |    21 |    24 ||    45
 Armour: Robe              |     6 |     3 ||     9
  Dodge: Dodged            |   111 |    48 ||   159

Table legend: (Time is in decaauts)
 A = Elapsed time spent in this place.
 B = Non-inter-level travel time spent in this place.
 C = Inter-level travel time spent in this place.
 D = Time resting spent in this place.
 E = Time spent auto-exploring this place.
 F = Levels seen in this place.
 G = Mean time per level.
                   A        B        C        D        E       F      G
               +--------+--------+--------+--------+--------+-----+--------+
         Total |   2867 |   2754 |    113 |     54 |   2301 |   5 |  573.4 |
       Dungeon |   2867 |   2754 |    113 |     54 |   2301 |   5 |  573.4 |
               +--------+--------+--------+--------+--------+-----+--------+

Top non-repeatable levels by time:
     D:1: 845 daAuts
     D:3: 802 daAuts
     D:2: 758 daAuts
     D:4: 380 daAuts
     D:5: 80 daAuts
